 Dungeon Crawl Stone Soup version 0.17.2-1-ge4368a0 (webtiles) character file.

1407 jacquesderrida the Grappler (level 8, -4/44 HPs)
             Began as a Vine Stalker Wanderer on Sept 29, 2016.
             Slain by Prince Ribbit (8 damage)
             ... on level 7 of the Dungeon.
             The game lasted 00:11:12 (1921 turns).

jacquesderrida the Grappler (Vine Stalker Wanderer) Turns: 1921, Time: 00:11:12

Health: -4/44      AC:  3    Str: 26    XL:     8   Next: 70%
Magic:  0/1        EV: 11    Int: 16    God:
Gold:   221        SH:  0    Dex: 13    Spells: 0 memorised, 9 levels left

rFire  . . .     SeeInvis .     a - +0 blowgun
rCold  + . .     Clarity  .     o - +0 leather armour "Gemiy" {*Drain rPois Str+2} (curse)
rNeg   . . .     SustAt   .     (no shield)
rPois  +         Gourm    .     (no helmet)
rElec  .         Spirit   +     (no cloak)
rCorr  .         Warding  .     (no gloves)
rMut   +         Rnd*Tele +     (no boots)
MR     +....                    t - amulet "Hussamn" {rMut rC+ Str+3}
Stlth  +.........               v - ring "Vitef" {Wiz rPois MP-9 Str+7 Slay+2}
                                s - ring of teleportation (curse)

@: somewhat resistant to hostile enchantments, very unstealthy
A: fangs 3, regeneration 2, magic shield, antimagic bite, no device heal 3, rot
immunity
a: Evoke Teleportation


You were on level 7 of the Dungeon.
You were not hungry.

You visited 1 branch of the dungeon, and saw 7 of its levels.

You collected 221 gold pieces.

Inventory:

Hand Weapons
 a - a +0 blowgun (weapon)
 d - a +0 club
 f - a +0 whip
Missiles
 n - 29 poisoned needles (quivered)
 r - a throwing net
Armour
 m - a +2 scale mail
 o - the cursed +0 leather armour "Gemiy" (worn) {*Drain rPois Str+2}
   (You found it on level 4 of the Dungeon)

   It affects your strength (+2).
   It protects you from poison.
   It causes draining when unequipped.
   It has a curse placed upon it.
Magical Staves
 j - an uncursed staff of wizardry {unknown}
Jewellery
 h - an uncursed ring of wizardry
 s - a cursed ring of teleportation (left hand)
 t - the amulet "Hussamn" (around neck) {rMut rC+ Str+3}
   (You found it on level 6 of the Dungeon)

   [amulet of resist mutation]

   It protects you from mutation.
   It affects your strength (+3).
   It protects you from cold.
 v - the ring "Vitef" (right hand) {Wiz rPois MP-9 Str+7 Slay+2}
   (You found it on level 6 of the Dungeon)

   [ring of wizardry]

   It improves your spell success rate.
   It affects your strength (+7).
   It affects your accuracy and damage with ranged weapons and melee attacks
   (+2).
   It protects you from poison.
   It affects your magic capacity (-9).
Wands
 k - a wand of heal wounds (0)
Scrolls
 c - 2 scrolls of teleportation
 q - a scroll of identify
Potions
 g - a potion of might
 p - a potion of brilliance
Books
 b - Vehumet's Compendium of Attacks

   Spells                             Type                      Level
   a - Throw Flame                    Conjuration/Fire             2
   b - Searing Ray                    Conjuration                  2
Comestibles
 e - 2 bread rations
 i - a beef jerky
 l - 3 meat rations


   Skills:
 + Level 5.5 Fighting
   Level 1.7 Axes
 - Level 1.0 Throwing
 - Level 1.5 Armour
 - Level 1.2 Stealth
 * Level 8.4 Unarmed Combat
 - Level 1.1 Spellcasting
   Level 1.0 Necromancy
   Level 1.0 Fire Magic


You had 9 spell levels left.
You didn't know any spells.

Dungeon Overview and Level Annotations

Branches:
Dungeon (7/15)
 Temple: D:4-7

Altars:
Qazlal

Annotations:
D:2 Sigmund
D:3 jacquesderrida's ghost, weakling VSWn
D:5 jazmu's ghost, novice GrSu
D:7 Prince Ribbit


Innate Abilities, Weirdness & Mutations

You have razor-sharp teeth.
You heal very quickly.
When hurt, damage is shared between your health and your magic reserves.
Your bite disrupts and absorbs the magic of your enemies.
Potions and wands cannot restore your health.
You are immune to rotting.


Message History

As you read the scroll of teleportation, it crumbles to dust.
You feel strangely unstable.
The orc warrior hits you with a war axe!
* * * LOW HITPOINT WARNING * * *
Your surroundings suddenly seem different.
Prince Ribbit comes into view.
Prince Ribbit blinks!
You open the door. Prince Ribbit closely misses you.
Prince Ribbit barely misses you. Prince Ribbit hits you.
Prince Ribbit barely misses you.
Prince Ribbit blinks!
Firing (i - inventory. (,) - cycle):
n - 30 poisoned needles (quivered)
Press: ? - help, Shift-Dir - straight line, f - Prince Ribbit
Aim: Prince Ribbit You shoot a poisoned needle.
Prince Ribbit momentarily phases out as the poisoned needle passes through him.
Prince Ribbit hits you!
* * * LOW HITPOINT WARNING * * *
Prince Ribbit hits you!
You die...

#.# #.##
####'## #)
#....(#
#.....#
#.....#
#.....####
####.....#
#.####F###.#
#....@.....#
#.......######
+.......+
#.......#
#.......#
#.......#
#.......#
........#


You could see Prince Ribbit.

Vanquished Creatures
  Pikel (D:5)
  2 ogres
  2 slaves (D:5)
  3 giant frogs (D:6)
  2 hounds
  An orc priest (D:6)
  A giant frog skeleton (D:4)
  An iguana (D:4)
  5 orc wizards
  4 worker ants
  A hound zombie (D:6)
  2 hound skeletons
  6 adders
  4 gnolls (D:4)
  An adder skeleton (D:4)
  3 giant geckos
  10 orcs
  6 giant cockroaches
  A goblin (D:1)
  4 hobgoblins
  8 jackals
  3 bats
  2 giant gecko skeletons (D:4)
  7 giant newts
  A jackal skeleton (D:6)
  5 kobolds
  A quokka skeleton (D:4)
  7 rats
94 creatures vanquished.

Notes
Turn   | Place    | Note
--------------------------------------------------------------
     0 | D:1      | jacquesderrida the Vine Stalker Wanderer began the quest for the Orb.
     0 | D:1      | jacquesderrida set off with: a +2 scale mail, Vehumet's Compendium of Attacks, a scroll of teleportation, a +0 club, a bread ration
     0 | D:1      | Reached XP level 1. HP: 10/10 MP: 3/3
    74 | D:1      | Reached skill level 1 in Unarmed Combat
    82 | D:1      | Reached XP level 2. HP: 9/14 MP: 4/4
   274 | D:2      | Noticed Sigmund
   380 | D:2      | Reached XP level 3. HP: 16/18 MP: 3/5
   414 | D:2      | Reached skill level 2 in Unarmed Combat
   627 | D:3      | Noticed jacquesderrida's ghost (weakling VSWn)
   656 | D:4      | Reached XP level 4. HP: 15/23 MP: 3/6
   679 | D:4      | Reached skill level 3 in Unarmed Combat
   718 | D:4      | Got a polished leather armour
   732 | D:4      | Identified the cursed +0 leather armour "Gemiy" {*Drain rPois Str+2} (You found it on level 4 of the Dungeon)
   801 | D:4      | Reached XP level 5. HP: 17/27 MP: 3/7
   890 | D:5      | Entered Level 5 of the Dungeon
   890 | D:5      | Noticed jazmu's ghost (novice GrSu)
   892 | D:5      | Noticed an ice beast
   956 | D:4      | Reached skill level 4 in Unarmed Combat
   964 | D:4      | Gained mutation: You heal very quickly. [Vine Stalker growth]
   964 | D:4      | Reached XP level 6. HP: 17/32 MP: 5/8
  1087 | D:5      | Reached skill level 5 in Unarmed Combat
  1118 | D:5      | Noticed an ogre
  1149 | D:5      | Killed an ogre
  1149 | D:5      | Reached XP level 7. HP: 34/37 MP: 6/9
  1179 | D:5      | Found a stormy altar of Qazlal.
  1204 | D:5      | Noticed a slave
  1204 | D:5      | Noticed a slave
  1204 | D:5      | Noticed a slave
  1205 | D:5      | Noticed Pikel
  1208 | D:5      | Noticed a slave
  1216 | D:5      | Killed a slave
  1221 | D:5      | Killed a slave
  1266 | D:5      | Killed Pikel
  1266 | D:5      | Reached skill level 7 in Unarmed Combat
  1266 | D:5      | Gained mutation: You have razor-sharp teeth. [Vine Stalker growth]
  1266 | D:5      | Reached XP level 8. HP: 12/42 MP: 6/10
  1473 | D:6      | Got a translucent ruby amulet
  1474 | D:6      | Identified the amulet "Hussamn" {rMut rC+ Str+3} (You found it on level 6 of the Dungeon)
  1498 | D:6      | Reached skill level 5 in Fighting
  1610 | D:6      | Reached skill level 8 in Unarmed Combat
  1635 | D:6      | Got a clouded marble ring
  1636 | D:6      | Identified the ring "Vitef" {Wiz rPois MP-9 Str+7 Slay+2} (You found it on level 6 of the Dungeon)
  1907 | D:7      | Noticed Prince Ribbit
  1918 | D:7      | HP: 2/44 [Prince Ribbit (13)]
  1921 | D:7      | Slain by Prince Ribbit

Action                   |  1- 3 |  4- 6 |  7- 9 || total
-------------------------+-------+-------+-------++-------
Melee: Club              |    22 |       |       ||    22
       Whip              |    67 |       |       ||    67
       Unarmed           |   113 |    99 |    84 ||   296
 Fire: Blowgun           |     6 |    20 |    35 ||    61
  Use: Potion            |     2 |     1 |       ||     3
       Scroll            |     1 |     2 |     4 ||     7
 Stab: Sleeping          |       |       |     1 ||     1
  Eat: Chunk             |       |     1 |     3 ||     4
